[Event "*** Titled Tuesday Blitz"]
[Site "Chess.com"]
[Date "2021.03.09"]
[Round "6"]
[White "NefeLV"]
[Black "AlphaZ3r0"]
[Result "1/2-1/2"]
[WhiteElo "1841"]
[BlackElo "2250"]
[TimeControl "180+1"]
[EndTime "11:10:31 PST"]
[Termination "Game drawn - timeout vs insufficient material"]

1. e4 c5 2. Nf3 e6 3. d4 cxd4 4. Nxd4 Nc6 5. c4 Nf6 6. Nc3 Bb4 7. f3 O-O 8. Be2 d5 9. cxd5 exd5 10. exd5 Nxd5 11.
Nxc6 bxc6 12. Bd2 Qb6 13. Nxd5 Bxd2+ 14. Qxd2 cxd5 15. Rd1 Re8 16. Kf1 Ba6 17. Bxa6 Qxa6+ 18. Kf2 Qxa2 19. Rhe1 Red8 20. Re7 Rab8 21. Kg1 Rxb2 22.
Qg5 h6 23. Qg3 Rb1 24. Rde1 Rxe1+ 25. Qxe1 d4 26. Re8+ Rxe8 27. Qxe8+ Kh7 28. Qe4+ g6 29. Qxd4 Qb1+ 30. Kf2 Qb6 31. Ke3 g5 32. Kd3 Qxd4+ 33. Kxd4 Kg6 34. Kc5 Kf5 35. g3 g4 36. f4 Ke4 37. Kd6 Kf3 38. Ke7 a5 39. Kxf7 a4 40. Kg6 a3 41. f5 a2 42. f6 a1=Q 43. Kg7 Kg2 44. Kg6 Kxh2 45. f7 Qh8 46. Kh5 Kxg3 47. f8=Q Qxf8 48. Kg6 Kh4 49. Kh7 Qe7+ 50. Kg6 1/2-1/2

[Event "*** Titled Tuesday Blitz"]
[Site "Chess.com"]
[Date "2021.03.09"]
[Round "6"]
[White "Gerasimenyuk_Miha"]
[Black "Faqade"]
[Result "0-1"]
[WhiteElo "2430"]
[BlackElo "2620"]
[TimeControl "180+1"]
[EndTime "11:10:32 PST"]
[Termination "Faqade won by resignation"]

1. d4 Nf6 2. Nf3 g6 3. Bg5 Bg7 4. e3 O-O 5. Bd3 d6 6. c3 c5 7. Nbd2 Nc6 8. h4 h6 9. h5 Nxh5 10. Rxh5 gxh5 11. Nh4 Bg4 12. f3 hxg5 13. fxg4 gxh4 14.
g5 f5 15. Qxh5 Qe8 16. g6 Rf6 17. Bxf5 e6 18. Bd3 d5 19. Nf3 cxd4 20. exd4 Ne7 21.
Ne5 Nf5 22. O-O-O Bh6+ 23. Kb1 Kg7 24. g4 hxg3 25. Rh1 Rxg6 26. Nxg6 Qxg6 27. Qf3 Rg8 28. Rg1 Kf8 29. a3 Ke7 30. Re1 g2 31. Qxd5 g1=Q 32.
Qxb7+ Kf6 33. Rxg1 Qxg1+ 34. Ka2 Qg3 35. Bxf5 exf5 36.
Qd5 Re8 37. Qd6+ Qxd6 0-1

[Event "*** Titled Tuesday Blitz"]
[Site "Chess.com"]
[Date "2021.03.09"]
[Round "6"]
[White "grandcoach"]
[Black "McCarthyStone"]
[Result "1-0"]
[WhiteElo "2263"]
[BlackElo "2412"]
[TimeControl "180+1"]
[EndTime "11:10:32 PST"]
[Termination "grandcoach won by resignation"]

1. e4 d5 2. exd5 Qxd5 3. Nc3 Qa5 4. d4 c6 5. Bc4 Bf5 6. Ne2 e6 7. O-O Bd6 8. Ng3 Bg6 9. f4 Ne7 10. Nce4 Bc7 11. Nc5 b5 12. Bb3 Nd7 13. Nxd7 Kxd7 14. f5 Bxg3 15. fxg6 Bxh2+ 16. Kxh2 hxg6+ 17. Kg1 Nf5 18. Bf4 Qd8 19. Qf3 Qh4 20. a4 g5 21. Be5 g4 22.
Qe4 g3 23. Qxh4 Rxh4 24. axb5 Rah8 25. Rxa7+ Kc8 26. Ra8+ Kb7 27. Rxh8 Rxh8 28. bxc6+ Kxc6 29. Rxf5 exf5 30. Bxf7 Ra8 31. Bxg3 Ra1+ 32. Kf2 Rc1 33. Bb3 g5 34. Be5 f4 35. d5+ Kd7 36. Ba4+ Kd8 37.
Bf6+ Kc7 38. Bxg5 Ra1 39. Bxf4+ Kd8 40. Bc6 Ra2 41. d6 Rxb2 42. Bg5+ Kc8 43. d7+ Kc7 44. d8=Q+ Kxc6 45. Qc8+ 1-0

[Event "*** Titled Tuesday Blitz"]
[Site "Chess.com"]
[Date "2021.03.09"]
[Round "6"]
[White "Trickster_Pony"]
[Black "CzechmVIII"]
[Result "0-1"]
[WhiteElo "1461"]
[BlackElo "2244"]
[TimeControl "180+1"]
[EndTime "11:10:32 PST"]
[Termination "CzechmVIII won by checkmate"]

1. c4 Nf6 2. g3 e5 3. Bg2 d5 4. cxd5 Nxd5 5. Nc3 Nb6 6. Nf3 Nc6 7. O-O Be7 8. d3 O-O 9. a3 Re8 10. b4 Bf8 11. Bb2 a5 12. b5 Nd4 13. a4 Bg4 14.
Nxd4 exd4 15. Ne4 f5 16. h3 Bh5 17. Nd2 Bxe2 18. Qb3+ Kh8 19. Rfe1 Bb4 20. Bc1 Qf6 21. Bxb7 Bh5 22. Rf1 Rad8 23. Bc6 Re7 24. Ba3 Bxd2 25. Bxe7 Qxe7 26. Ra2 Bc3 27. Qb1 Bf7 28. Rc2 Bd5 29. Bxd5 Nxd5 30. Qa2 Nb4 31. Re2 Qd6 32. Qb1 f4 33.
Kh1 f3 34. Re4 Qd7 35. Rc1 Qxh3+ 36. Kg1 Qg2# 0-1

[Event "*** Titled Tuesday Blitz"]
[Site "Chess.com"]
[Date "2021.03.09"]
[Round "6"]
[White "TimofeevAr"]
[Black "Firouzja2003"]
[Result "0-1"]
[WhiteElo "2879"]
[BlackElo "3142"]
[TimeControl "180+1"]
[EndTime "11:10:33 PST"]
[Termination "Firouzja2003 won by resignation"]

1. c4 e5 2. e3 g6 3. Nc3 Bg7 4. g3 Ne7 5. Bg2 c6 6. Nge2 d5 7. cxd5 cxd5 8. d4 e4 9. O-O O-O 10. f3 f5 11. Qb3 Nbc6 12. fxe4 Na5 13. Qb4 dxe4 14. Nf4 Rf7 15. d5 b6 16. Rd1 Be5 17. h4 Ba6 18. d6 Nec6 19. Qa4 Rd7 20. Bd2 Rxd6 21. Be1 Bxf4 22. gxf4 Bd3 23. b3 Rc8 24. Rac1 Nb7 25. b4 Ne7 26. Nb5 Bxb5 27. Qb3+ Kf8 28. Rxd6 Nxd6 29. Rxc8 Qxc8 30. Qb2 Kf7 31. Bc3 Bc4 32. Be5 Qe6 33. Qd4 Ne8 34. a4 Nc6 35. Qc3 Nxe5 36. fxe5 Qd5 37. b5 Ng7 38. a5 Ne6 39. a6 Qxb5 0-1

[Event "*** Titled Tuesday Blitz"]
[Site "Chess.com"]
[Date "2021.03.09"]
[Round "6"]
[White "Sergey85Rodchenkov"]
[Black "GregShahade"]
[Result "0-1"]
[WhiteElo "2511"]
[BlackElo "2758"]
[TimeControl "180+1"]
[EndTime "11:10:33 PST"]
[Termination "GregShahade won by resignation"]

1. e4 e5 2. Nf3 Nc6 3. Bc4 Nf6 4. d3 Bc5 5. O-O a6 6. c3 d6 7. Re1 Ba7 8. Bb3 O-O 9. Nbd2 h6 10. Nf1 Re8 11.
Ng3 Be6 12. Bxe6 Rxe6 13. Be3 Bxe3 14. Rxe3 d5 15. Qb3 b6 16. h3 Qd7 17. Ree1 Rae8 18. Nf5 Kh7 19. Qc2 g6 20. Ng3 Rd8 21. b4 Kg7 22. a3 dxe4 23. dxe4 Qd3 24. Qb2 Red6 25. Re3 Qc4 26. a4 Rd1+ 27. Rxd1 Rxd1+ 28. Kh2 b5 29. axb5 axb5 30. Nd2 Qe6 31. Nb3 Qd6 32. Re2 h5 33. Rd2 Rxd2 34. Nxd2 Qd3 35. f3 h4 36. Ngf1 Nh5 37.
Kg1 Nf4 38. Nb3 Ne2+ 39. Kf2 Nxc3 40. Kg1 Ne2+ 41. Kh2 Ned4 42. Nxd4 Nxd4 43. Nd2 Qe2 44. Qc3 Qe1 45. Qxc7 Qxd2 46. Qxe5+ Kh7 47. Qf6 Kg8 48. Qxh4 Nxf3+ 0-1

[Event "*** Titled Tuesday Blitz"]
[Site "Chess.com"]
[Date "2021.03.09"]
[Round "6"]
[White "Funo09"]
[Black "igorkovalenko"]
[Result "1-0"]
[WhiteElo "2740"]
[BlackElo "2931"]
[TimeControl "180+1"]
[EndTime "11:10:34 PST"]
[Termination "Funo09 won by checkmate"]

1. e4 c5 2. Nc3 e6 3. Nf3 Nc6 4. Bb5 Nge7 5. O-O a6 6. Bxc6 Nxc6 7. d3 Bd6 8. a4 f6 9. d4 cxd4 10. Nxd4 Qc7 11. h3 O-O 12. Re1 Bh2+ 13. Kh1 Be5 14. Be3 Na5 15. Nce2 b6 16. b3 Bb7 17. Qd3 Nc6 18.
Rad1 Rad8 19. c4 Nb4 20. Qd2 Nc6 21. Nf3 d6 22. Nfd4 Rfe8 23. Nxc6 Qxc6 24. f4 Qxe4 25. Ng3 Qg6 26. Kh2 h5 27. fxe5 h4 28. Nf1 dxe5 29.
Qf2 b5 30. axb5 axb5 31. cxb5 Rd5 32. b6 Red8 33. Rc1 Rb5 34. Rc7 Bd5 35. Bc5 Rxb3 36. Ne3 Ba8 37. Ra1 Be4 38. Raa7 Rdd3 39. Qxh4 Rxe3 40.
Rc8+ Qe8 41. Rxe8# 1-0

[Event "*** Titled Tuesday Blitz"]
[Site "Chess.com"]
[Date "2021.03.09"]
[Round "6"]
[White "Tekushka"]
[Black "vovachesss"]
[Result "0-1"]
[WhiteElo "2452"]
[BlackElo "2692"]
[TimeControl "180+1"]
[EndTime "11:10:36 PST"]
[Termination "vovachesss won by checkmate"]

1. e4 e5 2. Nf3 d6 3. d4 Nd7 4. Bc4 c6 5. Nc3 Be7 6. dxe5 dxe5 7. Ng5 Bxg5 8. Qh5 Qe7 9. Qxg5 Ngf6 10. Be3 O-O 11.
O-O b5 12. Bb3 Nc5 13. f3 a5 14. a4 Nxb3 15. cxb3 h6 16. Qh4 Be6 17. axb5 cxb5 18. Nxb5 Bxb3 19. Nc3 Rfd8 20. Qf2 Rd3 21. Ne2 Qb4 22. Nc1 Rd7 23. Bc5 Qb5 24. Nxb3 Qxb3 25.
Rfc1 a4 26. Rc3 Qb5 27. Ba3 Rad8 28. h3 Rd2 29. Qe3 Nh5 30. Rc5 Qb6 31. Kh2 Nf4 32.
Rg1 Qe6 33. Kh1 Rxg2 34. Rgc1 Qxh3# 0-1

[Event "*** Titled Tuesday Blitz"]
[Site "Chess.com"]
[Date "2021.03.09"]
[Round "6"]
[White "noblerone"]
[Black "juancruzarias"]
[Result "1/2-1/2"]
[WhiteElo "2394"]
[BlackElo "2558"]
[TimeControl "180+1"]
[EndTime "11:10:37 PST"]
[Termination "Game drawn by repetition"]

1. d4 e6 2. Nf3 f5 3. Bf4 Nf6 4. e3 Bd6 5. c3 b6 6. Nbd2 Bb7 7. Nc4 Bxf4 8. exf4 O-O 9. g3 Nc6 10. Bg2 Ne7 11. O-O a5 12. Re1 Ned5 13. Ne3 a4 14.
Nxd5 Bxd5 15. Ne5 Bxg2 16. Kxg2 b5 17. a3 c6 18. Qd3 Nd5 19. Rad1 Ra7 20. Qf3 Qf6 21.
Nd3 Nb6 22. Re2 Nc4 23. Ne5 Nd6 24. Nd3 Ne4 25. Nc5 Nd6 26. Nd3 h6 27. Rde1 g5 28. fxg5 hxg5 29. Nc5 Re8 30. h3 Nf7 31. Nd3 Re7 32.
Ne5 Ra8 33. Nxf7 Rxf7 34. Rh1 f4 35. g4 Rh7 36. Rhe1 Kg7 37. Re5 Rah8 38. Rh1 Rh6 39. Qe4 Rg6 40. Qf3 Kh6 41. Ree1 Kg7 42. Re5 Rgh6 43. Ree1 Rg6 44. Re5 1/2-1/2

[Event "*** Titled Tuesday Blitz"]
[Site "Chess.com"]
[Date "2021.03.09"]
[Round "6"]
[White "K_A_S_T_O_R"]
[Black "ErikBlomqvist"]
[Result "1-0"]
[WhiteElo "2806"]
[BlackElo "2585"]
[TimeControl "180+1"]
[EndTime "11:10:38 PST"]
[Termination "K_A_S_T_O_R won on time"]

1. e4 c5 2. Nf3 e6 3. d4 cxd4 4. Nxd4 Nc6 5. Nb5 d6 6. c4 a6 7. N5c3 Nf6 8. Be2 Be7 9. O-O O-O 10. Na3 b6 11. Be3 Bb7 12. Rc1 Rc8 13. Qd2 Ne5 14.
f3 Qc7 15. Rfd1 Ned7 16. Kh1 Rfe8 17. Bf1 Qb8 18. Rc2 h5 19. Qf2 h4 20. Bxb6 Nxb6 21. Qxb6 h3 22. Qe3 hxg2+ 23. Rxg2 g6 24. Bd3 Bf8 25. Rdg1 Bg7 26. Nc2 Ba8 27. Nd4 Qb6 28.
Nce2 Qc5 29. Rg5 Qa7 30. b3 Rc7 31. Qd2 Nd7 32. Nc2 Ne5 33. Ne1 d5 34. Qf4 Nxd3 35.
Nxd3 dxe4 36. fxe4 Rd7 37. Nf2 Red8 38. R5g2 Rd2 39.
Ng3 Qd4 40. Nh5 Be5 41. Qh4 1-0

[Event "*** Titled Tuesday Blitz"]
[Site "Chess.com"]
[Date "2021.03.09"]
[Round "6"]
[White "FairChess_on_YouTube"]
[Black "Zhuu96"]
[Result "1/2-1/2"]
[WhiteElo "2975"]
[BlackElo "2881"]
[TimeControl "180+1"]
[EndTime "11:10:39 PST"]
[Termination "Game drawn by repetition"]

1. Nf3 Nf6 2. c4 e6 3. b3 Be7 4. Bb2 O-O 5. Nc3 b6 6. e4 Bb7 7. e5 Ne4 8. Be2 d6 9. O-O dxe5 10. Nxe5 Nxc3 11. Bxc3 Nd7 12. Bf3 Bxf3 13. Nxf3 c5 14.
d4 Bf6 15. Rc1 cxd4 16. Bxd4 e5 17. Ba1 Re8 18. Re1 Qc7 19. Nd2 Nc5 20. Ne4 Nxe4 21. Rxe4 Bg5 22. Rc3 Rad8 23. Rd3 Rxd3 24. Qxd3 Rd8 25.
Qf1 f6 26. h4 Bh6 27. Bc3 Rd7 28. Re1 Qd8 29. Qe2 Rd3 30. Bb4 a5 31. Be7 Qd4 32.
c5 Rd2 33. Qf3 Kf7 34. Bd6 Bf4 35. Qh5+ Ke6 36. Qe8+ Kf5 37. Qh5+ Ke6 38. Qe8+ Kf5 39. Qh5+ Ke6 1/2-1/2

[Event "*** Titled Tuesday Blitz"]
[Site "Chess.com"]
[Date "2021.03.09"]
[Round "6"]
[White "Goryachkina"]
[Black "CroissantNeuf"]
[Result "1-0"]
[WhiteElo "2674"]
[BlackElo "2500"]
[TimeControl "180+1"]
[EndTime "11:10:39 PST"]
[Termination "Goryachkina won on time"]

1. Nf3 Nf6 2. g3 g6 3. Bg2 Bg7 4. O-O O-O 5. d4 d6 6. Nc3 d5 7. Ne5 c6 8. a4 a5 9. Re1 Nbd7 10.
Bf4 Nh5 11. Nxd7 Bxd7 12. Be3 e5 13. dxe5 Bxe5 14. Bd4 Qf6 15. Bxe5 Qxe5 16. e4 d4 17. Ne2 c5 18. c3 Rfd8 19. cxd4 cxd4 20. Qxd4 Qxd4 21.
Nxd4 Bg4 22. Nb5 Rd2 23. h3 Be6 24. e5 Rxb2 25. Bxb7 Rd8 26. Red1 Rxd1+ 27. Rxd1 Bxh3 28. Rd8+ Kg7 29. Nd6 Be6 30. Bf3 Kh6 31. Ra8 Rb3 32.
Be4 Rb4 33. Rxa5 Bb3 34. Rb5 Rxb5 35. axb5 1-0

[Event "*** Titled Tuesday Blitz"]
[Site "Chess.com"]
[Date "2021.03.09"]
[Round "6"]
[White "FredyMatsuura"]
[Black "northridgehawk"]
[Result "1-0"]
[WhiteElo "2212"]
[BlackElo "2324"]
[TimeControl "180+1"]
[EndTime "11:10:39 PST"]
[Termination "FredyMatsuura won by checkmate"]

1. d4 f5 2. e3 Nf6 3. Be2 g6 4. h4 Bg7 5. h5 O-O 6. hxg6 hxg6 7. Nh3 d6 8. Nf4 Qe8 9. Nc3 e5 10. dxe5 dxe5 11. Bc4+ Rf7 12. Bxf7+ Kxf7 13. Nfd5 Na6 14.
Nxf6 Bxf6 15. Qd5+ Qe6 16. Bd2 Nb4 17. Qxe6+ Bxe6 18. O-O-O c6 19. a3 Na6 20. e4 f4 21. g3 Bg4 22. Rh7+ Bg7 23. Rg1 f3 24. Bh6 Rg8 25. Nd1 Nc5 26. Nc3 Ne6 27. Rd1 Nd4 28. Rxg7+ Rxg7 29. Bxg7 Kxg7 30. Rd3 b5 31. Kd2 Kf6 32. Nd1 Be6 33. c3 Nb3+ 34. Kc2 Nc5 35. Rxf3+ Ke7 36. Re3 a5 37. b4 Nb7 38. f4 axb4 39. axb4 Nd6 40.
Re1 Nc4 41. Ne3 Nd6 42. Rh1 Nxe4 43. fxe5 Bf7 44. g4 Ke6 45. Rf1 Ng5 46. Rf6+ Kxe5 47. Rxc6 Ne6 48. Rb6 Be8 49. c4 Kd4 50. Rxe6 Bd7 51.
Re7 Bc6 52. c5 Be4+ 53. Kd2 Bb1 54. c6 g5 55. c7 Bf5 56. Nxf5+ Kc4 57. c8=Q+ Kxb4 58. Qc3+ Ka4 59. Ra7# 1-0

[Event "*** Titled Tuesday Blitz"]
[Site "Chess.com"]
[Date "2021.03.09"]
[Round "6"]
[White "Lestofante90"]
[Black "NikolaN98"]
[Result "0-1"]
[WhiteElo "2717"]
[BlackElo "2529"]
[TimeControl "180+1"]
[EndTime "11:10:40 PST"]
[Termination "NikolaN98 won on time"]

1. Nf3 f5 2. g3 Nf6 3. Bg2 d6 4. d4 e6 5. O-O Be7 6. c4 O-O 7. Nc3 a5 8. b3 Ne4 9. Bb2 Nxc3 10. Bxc3 Nd7 11. Qc2 Qe8 12. e4 f4 13. e5 dxe5 14. Rfe1 Bf6 15. Rad1 Qh5 16. d5 exd5 17. Rxd5 Nb6 18. Rc5 Bf5 19. Qc1 Nd7 20. Rxc7 e4 21. Nd4 e3 22. Nxf5 exf2+ 23. Kxf2 Qxf5 24. Kg1 fxg3 25. Rf1 Qh5 26. hxg3 Ne5 27. Qe3 Ng4 28.
Qe6+ Kh8 29. Rxf6 Qh2+ 30. Kf1 Nxf6 31. Bf3 Qxg3 32. Qf5 Nd7 0-1

[Event "*** Titled Tuesday Blitz"]
[Site "Chess.com"]
[Date "2021.03.09"]
[Round "6"]
[White "Durarbayli"]
[Black "zajka-molotok"]
[Result "1-0"]
[WhiteElo "2677"]
[BlackElo "2504"]
[TimeControl "180+1"]
[EndTime "11:10:40 PST"]
[Termination "Durarbayli won by checkmate"]

1. e4 e6 2. d4 d5 3. e5 c5 4. c3 Qb6 5. Nf3 Nc6 6. Be2 Nh6 7. Bxh6 gxh6 8. Qd2 Bg7 9. O-O Bd7 10. Na3 cxd4 11.
cxd4 O-O 12. Nc2 Rac8 13. b4 f6 14. b5 Na5 15. exf6 Rxf6 16. Ne5 Be8 17. Ne3 Rf8 18. g3 Bxe5 19. dxe5 h5 20. Ng2 Nc4 21. Qg5+ Kh8 22.
Bxc4 dxc4 23. Nf4 Bxb5 24. a4 Be8 25. Rad1 c3 26. Rd6 Qb2 27. Nxe6 Bg6 28. Nxf8 Rxf8 29. Rd8 Qb4 30. e6 Rxd8 31. Qxd8+ Kg7 32. e7 Qe4 33. Qf8# 1-0

[Event "*** Titled Tuesday Blitz"]
[Site "Chess.com"]
[Date "2021.03.09"]
[Round "6"]
[White "woodhy"]
[Black "Etud-otradnoe"]
[Result "1-0"]
[WhiteElo "2460"]
[BlackElo "2314"]
[TimeControl "180+1"]
[EndTime "11:10:40 PST"]
[Termination "woodhy won on time"]

1. e4 e6 2. d4 d5 3. e5 c5 4. c3 Qb6 5. Be3 Qxb2 6. Nd2 Qxc3 7. Rc1 Qa5 8. dxc5 Nd7 9. Nf3 Bxc5 10. Bd3 Bxe3 11. fxe3 Ne7 12. O-O h6 13. Nb3 Qb6 14. Nbd4 Nc6 15. Bb1 Ndxe5 16. Nxe5 Nxe5 17. Qh5 O-O 18. Qxe5 Bd7 19. Qc7 Qxc7 20. Rxc7 Bc8 21. e4 e5 22. Nf3 dxe4 23. Nxe5 f5 24. Bc2 Be6 25. Rxb7 Rfc8 26. Bb3 Bxb3 27. axb3 Rab8 28. Rxb8 Rxb8 29.
Rxf5 Rb5 30. Nc6 Rxb3 31. Nxa7 e3 32. Rf1 1-0

[Event "*** Titled Tuesday Blitz"]
[Site "Chess.com"]
[Date "2021.03.09"]
[Round "6"]
[White "Saxar85"]
[Black "TheCavemanChesss"]
[Result "1/2-1/2"]
[WhiteElo "2787"]
[BlackElo "2584"]
[TimeControl "180+1"]
[EndTime "11:10:42 PST"]
[Termination "Game drawn by repetition"]

1. e4 c5 2. Nf3 d6 3. Bb5+ Nd7 4. c3 Nf6 5. Bd3 g6 6. O-O Bg7 7. Bc2 O-O 8. d4 Qc7 9. Re1 e5 10. dxe5 Nxe5 11. Nbd2 Bg4 12. h3 Bh5 13. Qe2 Rfe8 14. g4 Nfxg4 15. hxg4 Nxg4 16. Qf1 d5 17. exd5 Rxe1 18.
Qxe1 Qd7 19. c4 Re8 20. Qf1 Qc7 21. Ne4 f5 22. Ng3 Bd4 23. Nxd4 cxd4 24. Bd2 Ne3 25. Bxe3 dxe3 26. Nxh5 e2 27. Nf6+ Kf7 28. Qe1 Kxf6 29. Qc3+ Kf7 30. Re1 Qf4 31. c5 Qg5+ 32. Qg3 Qd2 33.
Qc3 Qg5+ 34. Kh2 Qf4+ 35. Kg2 Qg5+ 36. Kh2 Qf4+ 37. Kg2 Qg5+ 38. Kh2 1/2-1/2

[Event "*** Titled Tuesday Blitz"]
[Site "Chess.com"]
[Date "2021.03.09"]
[Round "6"]
[White "Witik"]
[Black "MITerryble"]
[Result "0-1"]
[WhiteElo "2621"]
[BlackElo "2943"]
[TimeControl "180+1"]
[EndTime "11:10:42 PST"]
[Termination "MITerryble won by resignation"]

1. e4 e6 2. d3 d5 3. Qe2 Nf6 4. Nf3 Be7 5. g3 O-O 6. Bg2 c5 7. O-O Nc6 8. e5 Nd7 9. c4 d4 10. h4 Re8 11. Nbd2 Rb8 12. Re1 Nf8 13. h5 h6 14. Ne4 b5 15. cxb5 Rxb5 16. Bf4 Nb4 17. b3 Nd5 18. Bd2 Ba6 19. Nh2 Nh7 20. Ng4 Ng5 21. Bxg5 Bxg5 22. Nd6 Nc3 23. Qf3 Rf8 24. Nxb5 Bxb5 25. Qb7 Qa5 26. f4 Bd8 27. Qf3 Qa3 28. f5 Bg5 29. f6 Qb2 30. Kh1 Qd2 31. fxg7 Kxg7 32. Nf6 Qxd3 33. Qg4 Qf5 34. Qxf5 exf5 35. Nd5 Rd8 36. Nc7 Bd7 37. e6 fxe6 38. Nxe6+ Bxe6 39. Rxe6 d3 40. Rg6+ Kh8 41. Bf3 d2 42.
Kg2 Re8 43. Rc6 Re1 0-1

[Event "*** Titled Tuesday Blitz"]
[Site "Chess.com"]
[Date "2021.03.09"]
[Round "6"]
[White "jposthuma"]
[Black "eljanov"]
[Result "0-1"]
[WhiteElo "2661"]
[BlackElo "2856"]
[TimeControl "180+1"]
[EndTime "11:10:43 PST"]
[Termination "eljanov won on time"]

1. d4 Nf6 2. c4 e6 3. g3 c5 4. Nf3 cxd4 5. Nxd4 d5 6. Bg2 e5 7.
Nf3 d4 8. O-O Nc6 9. e3 Be7 10.
exd4 exd4 11. Bf4 Be6 12. Nbd2 O-O 13. Ne5 Rc8 14. Ndf3 Nxe5 15. Nxe5 Bxc4 16. Nxc4 Rxc4 17. b3 Rb4 18. Bd2 Rb5 19. a4 Re5 20. Bf4 Re6 21.
Bxb7 Qb6 22. Bf3 Rd8 23. Qd3 Nd5 24. Bxd5 Rxd5 25. Rfe1 g5 26. Bd2 Bf6 27. b4 h5 28.
Rxe6 Qxe6 29. b5 h4 30. Re1 Qd7 31. Qe4 Kg7 32. Qf3 d3 33. Qh5 h3 34. Re4 Qf5 35. Rg4 Rc5 36. Qxh3 Qd5 37. Qg2 Qxg2+ 38. Kxg2 Kg6 0-1

[Event "*** Titled Tuesday Blitz"]
[Site "Chess.com"]
[Date "2021.03.09"]
[Round "6"]
[White "ural58"]
[Black "ShimanovAlex"]
[Result "0-1"]
[WhiteElo "2572"]
[BlackElo "2795"]
[TimeControl "180+1"]
[EndTime "11:10:43 PST"]
[Termination "ShimanovAlex won on time"]

1. e4 d5 2. exd5 Qxd5 3. Nc3 Qa5 4.
b4 Qxb4 5. Rb1 Qd6 6. Nf3 c6 7. d4 Nf6 8. Bc4 e6 9. O-O Be7 10. Ne5 O-O 11. Bf4 Qd8 12. Qf3 Nbd7 13. Bd3 Nd5 14. Ne4 f5 15. Nxd7 Bxd7 16. Nd6 b5 17.
Be5 Be8 18. Qg3 Nf6 19. Nb7 Qc8 20. Nc5 Bg6 21. c4 a6 22. a4 bxa4 23. Ra1 Nd7 24. Nxd7 Qxd7 25. c5 Bxc5 26. dxc5 f4 27. Bxf4 Qxd3 28.
Bd6 Rfe8 29. Qe5 a3 30. Rfd1 Qb3 31. Rdc1 a2 32. Qe2 Bb1 33. Be5 Ra7 34. Bb2 Rb7 35. Bc3 Rd8 36. Qe5 Rd1+ 37. Rxd1 Qxd1+ 38. Be1 Qd5 39. Qe3 h6 40. h3 Rb3 41. Qe2 Rd3 0-1

[Event "*** Titled Tuesday Blitz"]
[Site "Chess.com"]
[Date "2021.03.09"]
[Round "6"]
[White "mapleaff"]
[Black "SerGo055"]
[Result "0-1"]
[WhiteElo "2408"]
[BlackElo "2599"]
[TimeControl "180+1"]
[EndTime "11:10:43 PST"]
[Termination "SerGo055 won on time"]

1. e4 d5 2. exd5 Qxd5 3. Nc3 Qd8 4. Nf3 Nf6 5. h3 Bf5 6. Bc4 e6 7. d3 Be7 8. Ne2 O-O 9. Ng3 Bg6 10. O-O c5 11.
Ne5 Qc7 12. Bf4 Bd6 13. Re1 Nc6 14. Nxg6 hxg6 15. Bxd6 Qxd6 16. a3 Rfd8 17. Ne4 Nxe4 18. Rxe4 Nd4 19. Qd2 b5 20. Ba2 Nf5 21. Rae1 c4 22. Qa5 cxd3 23. Rxe6 Qc5 24. cxd3 fxe6 25. Bxe6+ Kh7 26. Qd2 Re8 27. Qg5 Rad8 28. Kh2 Qd6+ 0-1

[Event "*** Titled Tuesday Blitz"]
[Site "Chess.com"]
[Date "2021.03.09"]
[Round "6"]
[White "chessprincesa1"]
[Black "eCztery"]
[Result "0-1"]
[WhiteElo "2251"]
[BlackElo "2439"]
[TimeControl "180+1"]
[EndTime "11:10:43 PST"]
[Termination "eCztery won on time"]

1. d4 Nf6 2. c4 e6 3. Nc3 Bb4 4. a3 Bxc3+ 5. bxc3 O-O 6. f3 d5 7. cxd5 exd5 8. e3 c5 9. Bd3 c4 10. Bc2 Nc6 11. Ne2 Kh8 12. O-O Ng8 13. e4 dxe4 14.
fxe4 Bg4 15. Qe1 Bxe2 16. Qxe2 b5 17. Qh5 Nxd4 18. cxd4 Qxd4+ 19. Kh1 Qxa1 20. Qxb5 Qc3 21. Qa4 Rae8 22. Bb1 Re6 23. Qd1 Rf6 24. Rg1 Nh6 25.
Bg5 Rg6 26. Bf4 Ng4 27. Rf1 h5 28. e5 Rb6 29. h3 Nh6 30. Qxh5 Kg8 31. Qg5 Rfb8 32.
e6 Rxb1 33. exf7+ Nxf7 0-1

[Event "*** Titled Tuesday Blitz"]
[Site "Chess.com"]
[Date "2021.03.09"]
[Round "6"]
[White "Zhigalko_Sergei"]
[Black "Sibelephant"]
[Result "0-1"]
[WhiteElo "2940"]
[BlackElo "3098"]
[TimeControl "180+1"]
[EndTime "11:10:44 PST"]
[Termination "Sibelephant won on time"]

1. e4 c5 2. c3 d6 3. d4 Qc7 4.
Bd3 Nf6 5. h3 e5 6. Nf3 Be7 7.
O-O O-O 8. Re1 Re8 9. a4 cxd4 10.
cxd4 exd4 11. Na3 Nc6 12. Nb5 Qb6 13. Nfxd4 a6 14. Nxc6 bxc6 15. Be3 c5 16. a5 Qc6 17. Nc3 Rb8 18. Bc2 Qc7 19. Bg5 Rxb2 20. Ba4 Rf8 21. Bb3 Be6 22. Bxe6 fxe6 23. e5 dxe5 24. Bxf6 Bxf6 25.
Ne4 c4 26. Qg4 Qc6 27. Rac1 Rb4 28. Red1 Be7 29. Rc2 Rf4 30. Nf6+ Rxf6 31. Rcd2 h6 32. Rd7 Rb7 0-1

[Event "*** Titled Tuesday Blitz"]
[Site "Chess.com"]
[Date "2021.03.09"]
[Round "6"]
[White "maxip32"]
[Black "nrvisakh"]
[Result "0-1"]
[WhiteElo "2518"]
[BlackElo "2763"]
[TimeControl "180+1"]
[EndTime "11:10:44 PST"]
[Termination "nrvisakh won on time"]

1. e4 c5 2. Nf3 e6 3. d3 Nc6 4.
g3 g6 5. Bg2 Bg7 6. O-O Nge7 7.
Re1 O-O 8. c3 b6 9. d4 cxd4 10.
cxd4 d5 11. e5 Ba6 12. a3 Qd7 13. b4 Rfc8 14. Bg5 Bc4 15. Nc3 b5 16. Qd2 a5 17. Rab1 axb4 18. axb4 Ra3 19. Ne2 Nf5 20. g4 Nfe7 21. Ng3 Rca8 22. Bh6 Bxh6 23. Qxh6 Rxf3 24. Bxf3 Nxd4 25. Bg2 Nec6 26. f4 Ra2 27. f5 Qe7 28. Ra1 Nxb4 29. Rxa2 Nxa2 30. Ra1 b4 31. Qd2 Qc5 32.
Kh1 b3 33. f6 Nc2 34. Rb1 Ne3 35. Nf1 Nxg2 36. Kxg2 d4 37. Ng3 Qxe5 0-1

[Event "*** Titled Tuesday Blitz"]
[Site "Chess.com"]
[Date "2021.03.09"]
[Round "6"]
[White "toog"]
[Black "ukchessbomber"]
[Result "0-1"]
[WhiteElo "2373"]
[BlackElo "2531"]
[TimeControl "180+1"]
[EndTime "11:10:44 PST"]
[Termination "ukchessbomber won by resignation"]

1. e4 g6 2. d4 Bg7 3. Nc3 d5 4.
exd5 Nf6 5. Bc4 Nbd7 6. Qf3 Nb6 7. Bb3 O-O 8. h3 a5 9. a4 Re8 10. Nge2 Bd7 11. O-O c6 12. dxc6 Bxc6 13. Qg3 Rc8 14.
Bf4 Nh5 15. Qh4 Nxf4 16. Qxf4 e5 17. dxe5 Qc7 18. Rfe1 Bxe5 19. Qh4 Qd6 20. Rad1 Qb4 21. Qg4 Nd7 22. Rxd7 Qxg4 23. Bxf7+ Kh8 24. hxg4 Bxc3 25. bxc3 Bxd7 26. Bxe8 Rxe8 27. f3 Bxa4 28. Kf2 Bxc2 29. Ra1 b6 30. Nd4 Bd3 31. Rd1 Bc4 32. Rb1 Rb8 33. f4 b5 34. Nc6 Ra8 35. Ne5 a4 36.
Nxc4 bxc4 37. Ke3 Rd8 38. Rb4 a3 39. Rxc4 Ra8 0-1

[Event "*** Titled Tuesday Blitz"]
[Site "Chess.com"]
[Date "2021.03.09"]
[Round "6"]
[White "KingCyber19"]
[Black "andrzej"]
[Result "0-1"]
[WhiteElo "2487"]
[BlackElo "2373"]
[TimeControl "180+1"]
[EndTime "11:10:45 PST"]
[Termination "andrzej won by checkmate"]

1. d4 Nf6 2. c4 c5 3. d5 b5 4. cxb5 a6 5. e3 e6 6. Nc3 Bb7 7. e4 axb5 8. Bxb5 Qa5 9. Bd2 Qb6 10. a4 Na6 11. Nf3 Nc7 12. dxe6 fxe6 13. Ne5 Nxb5 14.
Nxb5 Bxe4 15. O-O Be7 16. Nc4 Qb8 17. g3 Nd5 18. Bf4 Nxf4 19. Ncd6+ Bxd6 20. Nxd6+ Qxd6 21. f3 Qxd1 22. Raxd1 Nh3+ 23. Kg2 Bf5 24. g4 Nf4+ 25. Kg3 Bg6 26. Kxf4 Rxa4+ 27. Kg3 Ke7 28. Rd2 Rb8 29.
Rfd1 d5 30. h4 Rab4 31. h5 Bf7 32. Re1 d4 33. Re5 Rxb2 34. Rd3 R8b3 35. Rd1 Rc3 36. Rg5 g6 37. h6 Rbb3 38. Rf1 d3 39. Re5 d2 40. Rd1 Rxf3+ 41. Kg2 Rfd3 42. Kh2 c4 43.
Rc5 c3 44. Rc7+ Kf6 45. Rf1+ Kg5 46. Rcxf7 c2 47. Rxh7 Rh3+ 48. Kg2 Rbg3+ 49. Kf2 Rf3+ 50. Kg2 Rxf1 51. Rd7 d1=Q 52. h7 Qf3# 0-1